 Dungeon Crawl Stone Soup version 0.24.0-28-g17ded55e90 (webtiles) character file.

Game seed: 7955702845336191647, levelgen mode: deterministic

284 Nattfarinn the Vexing (level 6, -3/47 HPs)
             Began as a Gnoll Arcane Marksman on Nov 12, 2019.
             Slain by a gnoll
             ... wielding a +0 spear
              (9 damage)
             ... on level 3 of the Dungeon.
             The game lasted 00:05:49 (2700 turns).

Nattfarinn the Vexing (Gnoll Arcane Marksman)       Turns: 2700, Time: 00:05:50

Health: -3/47      AC:  2    Str: 12    XL:     6   Next: 29%
Magic:  11/11      EV: 15    Int: 17    God:
Gold:   54         SH:  4    Dex: 16    Spells: 10/11 levels left

rFire    . . .     SeeInvis .   h - +1 hand axe (elec)
rCold    . . .     Gourm    .   j - +0 buckler
rNeg     . . .     Faith    .   e - +0 robe
rPois    .         Spirit   .   (no helmet)
rElec    .         Reflect  .   (no cloak)
rCorr    .         Harm     .   (no gloves)
MR       .....                  (no boots)
Stlth    ++........             (no amulet)
HPRegen  0.15/turn              (no ring)
MPRegen  0.12/turn              (no ring)

@: no status effects
A: distributed training, fangs 1, strong nose
a: no special abilities


You were on level 3 of the Dungeon.
You were not hungry.

You visited 1 branch of the dungeon, and saw 3 of its levels.

You collected 54 gold pieces.

Inventory:

Hand Weapons
 a - a +0 shortbow
 c - a +0 rapier
 d - a +0 club
 h - a +1 hand axe of electrocution (weapon)
 o - a +2 dagger of draining
Missiles
 l - 9 arrows
Armour
 e - a +0 robe (worn)
 j - a +0 buckler (worn)
Scrolls
 b - 4 scrolls of teleportation {unknown}
 g - 4 scrolls of remove curse {unknown}
 i - 2 scrolls of enchant weapon {unknown}
 k - a scroll of blinking {unknown}
 n - a scroll of fog {unknown}
 q - a scroll of enchant armour {unknown}
Potions
 m - a potion of brilliance {unknown}
 p - a potion of mutation {unknown}
 r - a potion of cancellation {unknown}
Comestibles
 f - 3 rations
 s - a chunk of flesh


   Skills:
 + Level 3.2 Fighting
 + Level 1.8 Short Blades
 + Level 1.8 Long Blades
 + Level 1.8 Axes
 + Level 1.8 Maces & Flails
 + Level 1.8 Polearms
 + Level 1.8 Staves
 + Level 1.8 Slings
 + Level 4.9 Bows
 + Level 1.8 Crossbows
 + Level 1.8 Throwing
 + Level 1.8 Armour
 + Level 4.9 Dodging
 + Level 1.8 Stealth
 + Level 1.8 Shields
 + Level 1.8 Unarmed Combat
 + Level 3.3 Spellcasting
 + Level 1.4 Conjurations
 + Level 5.6 Hexes
 + Level 1.4 Charms
 + Level 1.4 Summonings
 + Level 1.4 Necromancy
 + Level 1.4 Translocations
 + Level 1.4 Transmutations
 + Level 1.4 Fire Magic
 + Level 1.4 Ice Magic
 + Level 1.4 Air Magic
 + Level 1.4 Earth Magic
 + Level 1.4 Poison Magic
 + Level 2.0 Invocations
 + Level 1.8 Evocations


You had 10 spell levels left.
You knew the following spells:

 Your Spells              Type           Power        Failure   Level  Hunger
a - Corona                Hex            ###....      2%          1    None

Your spell library contained the following spells:

 Spells                   Type           Power        Failure   Level  Hunger
 Slow                     Hex            ###.....     3%          2    ##.....
 Inner Flame              Hex/Fire       ##......     16%         3    ###....
 Portal Projectile        Hex/Tloc       ##....       16%         3    ###....
 Cause Fear               Hex            ###.......   22%         4    ####...
 Leda's Liquefaction      Hex/Erth       ##........   45%         4    ####...


Dungeon Overview and Level Annotations

Branches:
Dungeon (3/15)

Altars:
Zin


Innate Abilities, Weirdness & Mutations

Your experience applies equally to all skills.
You have very sharp teeth.
Your uncanny sense of smell can sniff out nearby items.


Message History

You hit the gnoll. The gnoll hits you with a +0 halberd. The gnoll hits you.
A dart slug comes into view.
The gnoll misses you.
You hit the gnoll but do no damage. Lightning courses through the gnoll!!
You kill the gnoll!
You hit the gnoll. The gnoll misses you. The gnoll closely misses you.
You hit the gnoll. Lightning courses through the gnoll!
You kill the gnoll!
The gnoll hits you from afar with a +0 spear.
The gnoll completely misses you.
You hit the gnoll but do no damage. You hit the dart slug but do no damage.
The gnoll hits you with a +0 spear! The dart slug bites you.
The gnoll hits you with a +0 spear!
* * * LOW HITPOINT WARNING * * *
You are too injured to fight recklessly!
You slash the gnoll!
The gnoll is severely wounded.
You hit the dart slug. The dart slug closely misses you.
The gnoll hits you with a +0 spear!
You die...

#. ∆ #. #.
##.## ∆ ....
#..# #wg#
#†@#
#####).####
#.......†..#
#.......†..#
#.......†.<#
#..........#
#..........#
#..........#
############


You could see a gnoll and a dart slug.

Vanquished Creatures
  2 killer bees (D:2)
  Jessica (D:2)
  5 gnolls
  4 adders (D:2)
  An ooze (D:2)
  An adder zombie (D:2)
  2 adder skeletons (D:2)
  3 worms (D:2)
  2 dart slugs (D:1)
  2 leopard geckos (D:1)
  7 bats
  A bat zombie (D:2)
  A giant cockroach (D:3)
  3 goblins
  7 hobgoblins
  4 jackals (D:3)
  4 kobolds
  A ball python (D:2)
  2 frilled lizards (D:2)
  A leopard gecko skeleton (D:2)
  17 rats
71 creatures vanquished.

Notes
Turn   | Place    | Note
-------+----------+-------------------------------------------
     0 | D:1      | Nattfarinn the Gnoll Arcane Marksman began the quest for
                  | the Orb.
     0 | D:1      | Reached XP level 1. HP: 17/17 MP: 4/4
   130 | D:1      | Reached XP level 2. HP: 23/23 MP: 5/5
   375 | D:1      | Reached XP level 3. HP: 28/28 MP: 7/7
   689 | D:2      | Reached skill level 1 in Invocations
   746 | D:1      | Reached skill level 1 in Short Blades
   746 | D:1      | Reached skill level 1 in Long Blades
   746 | D:1      | Reached skill level 1 in Axes
   746 | D:1      | Reached skill level 1 in Maces & Flails
   746 | D:1      | Reached skill level 1 in Polearms
   746 | D:1      | Reached skill level 1 in Staves
   746 | D:1      | Reached skill level 1 in Slings
   746 | D:1      | Reached skill level 1 in Crossbows
   746 | D:1      | Reached skill level 1 in Throwing
   746 | D:1      | Reached skill level 1 in Armour
   746 | D:1      | Reached skill level 1 in Stealth
   746 | D:1      | Reached skill level 1 in Shields
   746 | D:1      | Reached skill level 1 in Unarmed Combat
   746 | D:1      | Reached skill level 1 in Evocations
   746 | D:1      | Reached XP level 4. HP: 7/34 MP: 8/8
  1431 | D:2      | Reached skill level 1 in Conjurations
  1431 | D:2      | Reached skill level 1 in Charms
  1431 | D:2      | Reached skill level 1 in Summonings
  1431 | D:2      | Reached skill level 1 in Necromancy
  1431 | D:2      | Reached skill level 1 in Translocations
  1431 | D:2      | Reached skill level 1 in Transmutations
  1431 | D:2      | Reached skill level 1 in Fire Magic
  1431 | D:2      | Reached skill level 1 in Ice Magic
  1431 | D:2      | Reached skill level 1 in Air Magic
  1431 | D:2      | Reached skill level 1 in Earth Magic
  1431 | D:2      | Reached skill level 1 in Poison Magic
  1595 | D:2      | Reached XP level 5. HP: 21/40 MP: 9/9
  1856 | D:2      | Found a glowing silver altar of Zin.
  1980 | D:2      | Noticed Jessica
  1984 | D:2      | Killed Jessica
  1984 | D:2      | Reached XP level 6. HP: 36/47 MP: 10/10
  2700 | D:3      | Slain by a gnoll

Levels and vault maps discovered:
D:1:      erik_arrival_orb_chamber, layout_basic
D:2:      minmay_evil_eye, layout_basic, zin_statuary, serial_undead,
          serial_undead_f, serial_undead_f, serial_undead_e, serial_undead_b,
          first_ration, uniq_jessica
D:3:      layout_rooms, cheibrodos_ashenzari_chains

Skill      XL: |  1  2  3  4  5  6 |
---------------+-------------------+-----
Invocations    | 1 2 |  2.0
Short Blades   | 1 |  1.8
Long Blades    | 1 |  1.8
Axes           | 1 |  1.8
Maces & Flails | 1 |  1.8
Polearms       | 1 |  1.8
Staves         | 1 |  1.8
Slings         | 1 |  1.8
Crossbows      | 1 |  1.8
Throwing       | 1 |  1.8
Armour         | 1 |  1.8
Stealth        | 1 |  1.8
Shields        | 1 |  1.8
Unarmed Combat | 1 |  1.8
Evocations     | 1 |  1.8
Spellcasting   | 3 |  3.3
Conjurations   | 1 |  1.4
Charms         | 1 |  1.4
Summonings     | 1 |  1.4
Necromancy     | 1 |  1.4
Translocations | 1 |  1.4
Transmutations | 1 |  1.4
Fire Magic     | 1 |  1.4
Ice Magic      | 1 |  1.4
Air Magic      | 1 |  1.4
Earth Magic    | 1 |  1.4
Poison Magic   | 1 |  1.4
Fighting       | 3 |  3.2
Bows           | |  4.9
Dodging        | |  4.9
Hexes          | |  5.6

Action                   |  1- 3 |  4- 6 || total
-------------------------+-------+-------++-------
Melee: Club              |    18 |    42 ||    60
       Unarmed           |     7 |     6 ||    13
       Bite              |     3 |    10 ||    13
       Dagger            |       |    30 ||    30
       Rapier            |       |    14 ||    14
       Hand axe          |       |    65 ||    65
 Fire: Shortbow          |    68 |     9 ||    77
  Use: Potion            |     1 |     2 ||     3
 Stab: Sleeping          |       |     3 ||     3
  Eat: Chunk             |       |     6 ||     6
Armor: Robe              |     8 |    26 ||    34
       Skin              |     6 |     3 ||     9
Dodge: Dodged            |    41 |   155 ||   196
Block: Buckler           |       |     7 ||     7
